[Event "Titled Tuesday Blitz June 1 2021"]
[White "Sychev, Klementy"]
[Black "Urazayev, Arystanbek"]
[WhiteFideId "4114060"]
[BlackFideId "13709810"]
[WhiteElo "2615"]
[BlackElo "2321"]
[Result "0-1"]
[Round "05"]
[TimeControl "180+1"]
[Date "2021.06.01"]
[WhiteClock "0:00:02"]
[BlackClock "0:00:06"]

1. e4 c5 2. g3 e6 3. Bg2 d5 4. exd5 exd5 5. Ne2 Nc6 6. d4 cxd4 7. Nxd4 Bc5 8. Nb3 Bb6 9. Nc3 d4 10. Na4 Nf6 11. O-O O-O 12. Nxb6 axb6 13. Bxc6 bxc6 14. Qxd4 Qxd4 15. Nxd4 c5 16. Nf3 Bb7 17. Ne5 Rfe8 18. Nd3 Ng4 19. h3 Nf6 20. Bf4 Nd5 21. Rfe1 f6 22. Bd2 Rxe1+ 23. Bxe1 Nc7 24. Bd2 Kf7 25. a3 Ne6 26. Bc3 Ng5 27. h4 Nf3+ 28. Kf1 Nh2+ 29. Kg1 Nf3+ 30. Kf1 g5 31. hxg5 fxg5 32. Ne5+ Nxe5 33. Bxe5 Bf3 34. Bc7 b5 35. Re1 g4 36. Bb6 b4 37. Bxc5 bxa3 38. Bxa3 Ra6 39. Re5 Rc6 40. c3 Rh6 41. Ke1 Rh1+ 42. Kd2 Kf6 43. Ra5 Rf1 44. Bc5 h5 45. Bd4+ Kg6 46. b4 Rb1 47. Rc5 Rb2+ 48. Ke3 Re2+ 49. Kd3 Re1 50. b5 Rd1+ 51. Kc2 Re1 52. b6 Re2+ 53. Kc1 Re7 54. Rc4 Kf5 55. Rc5+ Re5 56. Rxe5+ Kg6 57. Re3 h4 0-1


[Site "https://www.chess.com"]

[Event "Titled Tuesday Blitz June 1 2021"]
[White "Timofeev, Artyom"]
[Black "Pajeken, Jakob Leon"]
[WhiteFideId "4140419"]
[BlackFideId "12942839"]
[WhiteElo "2582"]
[BlackElo "2024"]
[Result "0-1"]
[Round "05"]
[TimeControl "180+1"]
[Date "2021.06.01"]
[WhiteClock "0:00:15"]
[BlackClock "0:00:15"]

1. c4 e6 2. Nf3 d5 3. e3 dxc4 4. Bxc4 Nf6 5. b3 c5 6. Bb2 Nc6 7. O-O Be7 8. d4 O-O 9. dxc5 Bxc5 10. Nbd2 Qe7 11. a3 a5 12. Qe2 h6 13. Rfd1 e5 14. Rdc1 Bg4 15. h3 Bh5 16. Qf1 Rfd8 17. Qe1 Rac8 18. Nh4 Qd7 19. Nf1 g5 20. Be2 Bxe2 21. Qxe2 Bd6 22. Nf3 Qe6 23. Ng3 Bf8 24. Nd2 Bg7 25. Nc4 Nd5 26. Qf3 Nde7 27. a4 f5 28. e4 f4 29. Ne2 Rc7 30. Rd1 Rcd7 31. Rxd7 Rxd7 32. Qg4 Qxg4 33. hxg4 Nc8 34. Bc3 b6 35. Kf1 Kf7 36. Ke1 Ke6 37. Ng1 Nd4 38. Bxd4 Rxd4 39. Nf3 Rxe4+ 40. Kd2 Nd6 41. Kd3 Rxc4 42. bxc4 e4+ 43. Kc2 Bxa1 0-1


[Site "https://www.chess.com"]

[Event "Titled Tuesday Blitz June 1 2021"]
[White "Vazquez, Guillermo"]
[Black "Hess, Robert"]
[WhiteFideId "3702308"]
[BlackFideId "2022036"]
[WhiteElo "2536"]
[BlackElo "2557"]
[Result "1/2-1/2"]
[Round "05"]
[TimeControl "180+1"]
[Date "2021.06.01"]
[WhiteClock "0:00:06"]
[BlackClock "0:00:07"]

1. e4 d6 2. d4 Nf6 3. Nc3 c6 4. Nf3 Bg4 5. h3 Bh5 6. Qe2 Qc7 7. g4 Bg6 8. e5 Nd5 9. e6 Qa5 10. Bd2 Nb4 11. O-O-O Bxc2 12. exf7+ Kd8 13. Re1 Bg6 14. Qe6 N8a6 15. a3 Nc7 16. Qb3 Nbd5 17. Qxb7 Qb6 18. Qxb6 axb6 19. h4 Bxf7 20. h5 Kd7 21. g5 Nxc3 22. Bxc3 Bd5 23. Rh3 e6 24. Nh4 Be7 25. f4 Rhf8 26. Bd2 Ra4 27. Bd3 Rxd4 28. Bxh7 Rxd2 29. Kxd2 Rxf4 30. Ng6 Rf2+ 31. Ke3 Rxb2 32. Nxe7 Kxe7 33. h6 gxh6 34. gxh6 Rb3+ 35. Bd3 Bc4 36. Kd2 Bxd3 37. Rxd3 Rb2+ 38. Kc1 Rh2 39. Rg3 Rxh6 40. Rg7+ Kd8 41. Rf1 Rh8 42. Rff7 Nb5 43. Rb7 Kc8 44. Rxb6 Nd4 45. Ra6 Kb8 46. a4 e5 47. Rb6+ Ka8 48. Ra6+ Kb8 49. a5 e4 50. Rb6+ Ka8 51. Rbb7 e3 52. a6 Nb5 53. Rbe7 d5 54. Rxe3 d4 55. Re6 Rh1+ 56. Kd2 Rh8 57. Rxc6 Rh2+ 58. Kd3 Rh8 59. Rb6 Na7 60. Rbb7 Nc8 61. a7 Nd6 62. Rbd7 Nb5 63. Kc4 Na3+ 64. Kb4 Nc2+ 65. Kb3 Ne3 66. Rgf7 Rc8 67. Rc7 Rxc7 68. Rxc7 Nd5 69. Rd7 Nb6 70. Rxd4 Kxa7 71. Kb4 Kb7 72. Kb5 Na8 73. Rh4 Nc7+ 74. Kc5 Na6+ 75. Kd6 Kb6 76. Rh1 Kb5 77. Ra1 Nb4 78. Rb1 Kc4 79. Rxb4+ Kxb4 1/2-1/2


[Site "https://www.chess.com"]

[Event "Titled Tuesday Blitz June 1 2021"]
[White "Visakh N R"]
[Black "Bellahcene, Bilel"]
[WhiteFideId "25012223"]
[BlackFideId "696358"]
[WhiteElo "2428"]
[BlackElo "2493"]
[Result "1-0"]
[Round "05"]
[TimeControl "180+1"]
[Date "2021.06.01"]
[WhiteClock "0:01:47"]
[BlackClock "0:01:33"]

1. e4 c5 2. Nf3 Nc6 3. d4 cxd4 4. Nxd4 Nf6 5. Nc3 e5 6. Ndb5 d6 7. Nd5 Nxd5 8. exd5 Nb8 9. c4 Be7 10. Be2 O-O 11. O-O Nd7 12. Kh1 a6 13. Nc3 f5 14. f4 g5 15. fxg5 Bxg5 16. b4 a5 17. Nb5 Bxc1 18. Qxc1 Nf6 19. c5 dxc5 20. bxc5 Kh8 21. d6 Bd7 22. Nc7 Rb8 23. Qb2 e4 24. g4 fxg4 25. Nd5 Kg7 26. Rxf6 Rxf6 27. Rf1 1-0


[Site "https://www.chess.com"]

[Event "Titled Tuesday Blitz June 1 2021"]
[White "Willychess95"]
[Black "Grigorov, Grigor"]
[BlackFideId "2907313"]
[WhiteElo "2655"]
[BlackElo "2510"]
[Result "0-1"]
[Round "05"]
[TimeControl "180+1"]
[Date "2021.06.01"]
[WhiteClock "0:00:01"]
[BlackClock "0:00:17"]

1. e4 c6 2. d4 d5 3. e5 Bf5 4. h4 h5 5. c4 e6 6. Nc3 Ne7 7. Nge2 Nd7 8. Ng3 Bg6 9. Bg5 Qb6 10. Qd2 dxc4 11. Bxc4 O-O-O 12. Bf4 Nf5 13. Nxf5 Bxf5 14. O-O Qb4 15. Be2 Nb6 16. Rfd1 Be7 17. a3 Qb3 18. Bg3 Rd7 19. f3 Rhd8 20. Bf2 Qc2 21. Qxc2 Bxc2 22. Rdc1 Bg6 23. Ne4 Kb8 24. a4 Nd5 25. a5 a6 26. Bc4 Nf4 27. Bf1 Nd5 28. Nc5 Bxc5 29. Rxc5 Ne7 30. Ra3 Nf5 31. Rb3 Ka8 32. Rb6 Nxd4 33. Bxd4 Rxd4 34. Kh2 R4d5 35. Rcxc6 bxc6 0-1


[Site "https://www.chess.com"]

[Event "Titled Tuesday Blitz June 1 2021"]
[White "Xiong, Jeffery"]
[Black "Goryachkina, Aleksandra"]
[WhiteFideId "2047640"]
[BlackFideId "4147103"]
[WhiteElo "2724"]
[BlackElo "2441"]
[Result "0-1"]
[Round "05"]
[TimeControl "180+1"]
[Date "2021.06.01"]
[WhiteClock "0:00:07"]
[BlackClock "0:00:16"]

1. e4 c5 2. Nf3 e6 3. d4 cxd4 4. Nxd4 a6 5. c4 Nf6 6. Nc3 Bb4 7. Be2 Nxe4 8. O-O Nxc3 9. bxc3 Be7 10. Bf3 O-O 11. Rb1 Nc6 12. Re1 Qc7 13. Qa4 Nxd4 14. cxd4 Rb8 15. d5 b6 16. Bb2 Bc5 17. Qb3 d6 18. dxe6 fxe6 19. Rbd1 e5 20. Bd5+ Kh8 21. Rd2 Bb7 22. Ree2 Bxd5 23. Rxd5 b5 24. cxb5 Rxb5 25. Qc2 Qb6 26. Rdd2 Rb8 27. h4 Rb4 28. h5 h6 29. Qg6 Rf4 30. g3 Rf6 31. Qg4 Rbf8 32. Kg2 Rxf2+ 33. Rxf2 Bxf2 34. Qd7 Bc5 35. Kh3 Qb4 36. Qe7 Rg8 37. Rg2 Qe4 38. Qe6 Rf8 39. Bc1 Rf1 40. Bxh6 Rh1+ 41. Rh2 Rxh2+ 42. Kxh2 Qe2+ 0-1


[Site "https://www.chess.com"]

[Event "Titled Tuesday Blitz June 1 2021"]
[White "tapu2"]
[Black "Sjugirov, Sanan"]
[BlackFideId "4189302"]
[WhiteElo "2642"]
[BlackElo "2472"]
[Result "1-0"]
[Round "05"]
[TimeControl "180+1"]
[Date "2021.06.01"]
[WhiteClock "0:00:29"]
[BlackClock "0:01:16"]

1. d4 Nf6 2. c4 g6 3. Nc3 d5 4. cxd5 Nxd5 5. e4 Nxc3 6. bxc3 Bg7 7. Be3 c5 8. Rc1 O-O 9. Nf3 Nd7 10. Bd3 Nf6 11. h3 b6 12. O-O Bb7 13. d5 e6 14. c4 exd5 15. exd5 Ne8 16. Bg5 Qd7 17. Re1 Bf6 18. Bh6 Ng7 19. Ne5 Qd8 20. Qf3 Re8 21. Ng4 Bd4 22. Rxe8+ Nxe8 23. Re1 Nd6 24. Qf4 f5 25. Bg5 Qb8 26. Nh6+ Kg7 27. Re7+ Kf8 28. Rxh7 Ne4 29. Bxe4 Qxf4 30. Bxf4 Ba6 31. Bd3 Rd8 32. Rf7+ Ke8 33. Rxa7 Bc8 34. Nf7 Rd7 35. Nd6+ Kd8 36. Nxc8 Kxc8 37. Rxd7 Kxd7 38. g4 b5 39. cxb5 1-0


[Site "https://www.chess.com"]

[Event "Titled Tuesday Blitz June 1 2021"]
[White "Alavi, Sayed Javad"]
[Black "Paravyan, David"]
[WhiteFideId "12500607"]
[BlackFideId "4194985"]
[WhiteElo "2495"]
[BlackElo "2562"]
[Result "0-1"]
[Round "06"]
[TimeControl "180+1"]
[Date "2021.06.01"]
[WhiteClock "0:00:01"]
[BlackClock "0:00:14"]

1. e4 e5 2. Nf3 Nf6 3. Nxe5 d6 4. Nf3 Nxe4 5. Bd3 Nf6 6. O-O Be7 7. c3 O-O 8. h3 Re8 9. Bc2 b6 10. d4 Bb7 11. Re1 Nbd7 12. Bf4 Nf8 13. Nbd2 Ng6 14. Bh2 Qd7 15. a4 a5 16. Bd3 Bf8 17. Qc2 Rxe1+ 18. Rxe1 Re8 19. Rxe8 Qxe8 20. Kf1 Nh5 21. Bb5 c6 22. Bd3 Nhf4 23. Bxf4 Nxf4 24. Bxh7+ Kh8 25. Bd3 g6 26. Kg1 Bh6 27. Nc4 Qd8 28. Bf1 b5 29. Ncd2 Qf6 30. g3 Ne6 31. Bg2 bxa4 32. Qxa4 c5 33. dxc5 dxc5 34. Qxa5 Kg7 35. Qa7 Bd5 36. Qd7 Ba8 37. Kh2 Bxd2 38. Qxd2 Bxf3 39. Bxf3 Qxf3 40. b4 c4 41. b5 Qd3 42. Qb2 Nc5 43. b6 Qf3 44. Kg1 Nd3 0-1


[Site "https://www.chess.com"]

[Event "Titled Tuesday Blitz June 1 2021"]
[White "Annaberdiyev, Babageldi"]
[Black "Visakh N R"]
[WhiteFideId "14000385"]
[BlackFideId "25012223"]
[WhiteElo "2332"]
[BlackElo "2428"]
[Result "0-1"]
[Round "06"]
[TimeControl "180+1"]
[Date "2021.06.01"]
[WhiteClock "0:00:44"]
[BlackClock "0:00:37"]

1. e4 c5 2. Nf3 Nc6 3. d3 d6 4. Nbd2 g6 5. g3 Bg7 6. h4 h6 7. Bg2 e6 8. O-O Nge7 9. Re1 O-O 10. c3 b5 11. Nf1 b4 12. d4 bxc3 13. bxc3 cxd4 14. cxd4 Rb8 15. Be3 Ba6 16. Qd2 Qa5 17. Bxh6 Qxd2 18. Bxd2 Nxd4 19. Nxd4 Bxd4 20. Rad1 e5 21. Be3 Nc6 22. Bxd4 Nxd4 23. Ne3 Rb2 24. Nd5 Kg7 25. Rb1 Rfb8 26. Rxb2 Rxb2 27. a4 Bc4 28. Ne3 Bb3 29. Ra1 a5 30. Bf1 Nc2 31. Nxc2 Bxc2 32. f3 f5 33. exf5 gxf5 34. Bb5 d5 35. Re1 Kf6 36. g4 fxg4 37. fxg4 d4 38. g5+ Ke6 39. h5 d3 40. g6 Rxb5 41. axb5 d2 42. Rf1 d1=Q 43. Rxd1 Bxd1 44. h6 Kf6 45. g7 Kf7 46. b6 Bf3 47. Kf2 Bb7 48. Ke3 0-1


[Site "https://www.chess.com"]

[Event "Titled Tuesday Blitz June 1 2021"]
[White "Demidov, Mikhail"]
[Black "Supi, Luis Paulo"]
[WhiteFideId "4197143"]
[BlackFideId "2106388"]
[WhiteElo "2583"]
[BlackElo "2369"]
[Result "0-1"]
[Round "06"]
[TimeControl "180+1"]
[Date "2021.06.01"]
[WhiteClock "0:00:10"]
[BlackClock "0:00:03"]

1. Nf3 Nf6 2. g3 g6 3. b3 Bg7 4. Bb2 O-O 5. Bg2 d6 6. d4 a5 7. O-O b6 8. c4 Bb7 9. d5 a4 10. Nd4 Qd7 11. Qc2 c6 12. e4 Rc8 13. Qe2 Re8 14. Rd1 Qc8 15. Qc2 h5 16. bxa4 cxd5 17. cxd5 Qxc2 18. Nxc2 Rc8 19. Nb4 Nxd5 20. Nxd5 Bxb2 21. Nxe7+ Kf8 22. Nxc8 Bxc8 23. Nd2 Bxa1 24. Rxa1 Rxa4 25. h4 Be6 26. a3 Nd7 27. Nb1 Rc4 28. Nd2 Rd4 29. Nf1 Ra4 30. Ne3 Ke7 31. Nc2 Rc4 32. Ne3 Rd4 33. a4 Nc5 34. a5 Nb3 35. Nc2 Rd2 36. a6 Bc8 37. a7 Bb7 38. Nb4 Nxa1 39. e5 d5 40. Bxd5 Rxd5 41. Nxd5+ Bxd5 0-1


[Site "https://www.chess.com"]

[Event "Titled Tuesday Blitz June 1 2021"]
[White "Dobrov, Vladimir"]
[Black "Jakubowski, Krzysztof"]
[WhiteFideId "4136594"]
[BlackFideId "1112848"]
[WhiteElo "2614"]
[BlackElo "2462"]
[Result "1-0"]
[Round "06"]
[TimeControl "180+1"]
[Date "2021.06.01"]
[WhiteClock "0:00:56"]
[BlackClock "0:00:03"]

1. b3 d5 2. Bb2 Bf5 3. f3 h6 4. e3 Nd7 5. d4 Ngf6 6. Nc3 e6 7. Qd2 a6 8. O-O-O Bh7 9. g4 Bb4 10. h4 Qe7 11. Kb1 O-O-O 12. Nge2 Kb8 13. Nf4 c5 14. Nd3 Bxd3 15. Bxd3 cxd4 16. exd4 Rc8 17. Qf4+ Ka7 18. Ne2 Ba3 19. Ba1 Bd6 20. Qe3 Qd8 21. g5 Nh5 22. g6 Qf6 23. gxf7 Qxf7 24. Rhg1 Nf4 25. Nxf4 Bxf4 26. Qe1 g5 27. Bb2 Nf6 28. a4 Nh5 29. a5 Rc6 30. Ba3 Ng7 31. Bc1 Bxc1 32. Rxc1 gxh4 33. Qxh4 Nf5 34. Qf4 1-0


[Site "https://www.chess.com"]

[Event "Titled Tuesday Blitz June 1 2021"]
[White "Donchenko, Alexander"]
[Black "Abdusattorov, Nodirbek"]
[WhiteFideId "24603295"]
[BlackFideId "14204118"]
[WhiteElo "2553"]
[BlackElo "2662"]
[Result "0-1"]
[Round "06"]
[TimeControl "180+1"]
[Date "2021.06.01"]
[WhiteClock "0:00:05"]
[BlackClock "0:00:03"]

1. e4 e5 2. Nf3 Nc6 3. Bb5 a6 4. Ba4 Nf6 5. O-O Nxe4 6. d4 b5 7. Bb3 d5 8. dxe5 Be6 9. Nbd2 Nc5 10. c3 Be7 11. Bc2 d4 12. Nb3 dxc3 13. Nbd4 Nxd4 14. Nxd4 cxb2 15. Bxb2 O-O 16. Nc6 Qe8 17. Nxe7+ Qxe7 18. Qh5 g6 19. Qh6 Bc4 20. Rfd1 Ne6 21. h4 Rfd8 22. Be4 Rab8 23. a3 c5 24. g3 Nd4 25. h5 Qxe5 26. hxg6 hxg6 27. Re1 Re8 28. Bxg6 Qg7 29. Qxg7+ Kxg7 30. Be4 Rbd8 31. Rac1 Kf8 32. Kg2 Rxe4 33. Rxe4 Bd5 34. f3 Bxe4 35. fxe4 c4 36. Rh1 Ke7 37. Rh6 f6 38. Rh7+ Ke6 39. Ra7 Rd6 40. Bxd4 Rxd4 41. Rxa6+ Ke5 42. Rb6 c3 43. Kf3 Rd3+ 44. Ke2 Rd2+ 45. Ke3 Rb2 46. Rc6 Rb3 47. Kd3 c2+ 48. Kxc2 Rxg3 49. Rc5+ Kxe4 50. Rxb5 Rxa3 51. Rb4+ Kf3 52. Rb5 Kg4 53. Rb4+ Kg3 54. Rb5 Re3 55. Kd2 Re6 56. Rf5 Kg4 57. Rf1 f5 58. Rg1+ Kh3 59. Rf1 Re5 60. Kd3 Kg2 61. Rf4 Kg3 62. Kd4 Kxf4 0-1


[Site "https://www.chess.com"]

[Event "Titled Tuesday Blitz June 1 2021"]
[White "Fier, Alexandr"]
[Black "Andreikin, Dmitry"]
[WhiteFideId "2107139"]
[BlackFideId "4158814"]
[WhiteElo "2569"]
[BlackElo "2782"]
[Result "0-1"]
[Round "06"]
[TimeControl "180+1"]
[Date "2021.06.01"]
[WhiteClock "0:00:25"]
[BlackClock "0:00:14"]

1. d4 g6 2. e4 d6 3. Nc3 Bg7 4. Be3 a6 5. Qd2 b5 6. O-O-O Nd7 7. h4 Nb6 8. h5 b4 9. Nb1 a5 10. Bd3 Ba6 11. Bxa6 Rxa6 12. Qe2 Qa8 13. h6 Bf8 14. d5 Nf6 15. Bd4 Nbd7 16. g4 c5 17. dxc6 Rxc6 18. g5 e5 19. gxf6 exd4 20. Nf3 Rc5 21. Nxd4 Nxf6 22. Nd2 Nh5 23. N2b3 Bxh6+ 24. Kb1 Re5 25. Nf3 Qxe4 26. Qa6 O-O 27. Nxe5 dxe5 28. Qxa5 Bf4 29. Nc5 Qc4 30. b3 Qc3 31. Ne4 Qf3 32. Qxb4 Kg7 33. Nc5 Rc8 34. Nd3 Nf6 35. a4 Nd5 36. Qb5 Nc3+ 37. Ka1 Nxb5 0-1


[Site "https://www.chess.com"]

[Event "Titled Tuesday Blitz June 1 2021"]
[White "Ghimpu, Samuel-Timotei"]
[Black "Nguyen, Ngoc Truong Son"]
[WhiteFideId "1238175"]
[BlackFideId "12401110"]
[WhiteElo "2026"]
[BlackElo "2596"]
[Result "1/2-1/2"]
[Round "06"]
[TimeControl "180+1"]
[Date "2021.06.01"]
[WhiteClock "0:00:06"]
[BlackClock "0:00:09"]

1. e4 c5 2. Nf3 Nc6 3. d4 cxd4 4. Nxd4 e6 5. Nc3 a6 6. Nxc6 bxc6 7. Bd3 d5 8. O-O Nf6 9. Qf3 Be7 10. Qg3 Nh5 11. Qg4 g6 12. e5 Qc7 13. f4 c5 14. b3 Bb7 15. Kh1 Ng7 16. Na4 h5 17. Qe2 Nf5 18. c4 h4 19. Kg1 Rd8 20. cxd5 Rxd5 21. Be4 Rd7 22. Bxb7 Qxb7 23. Be3 Qb5 24. Rfe1 c4 25. Qxc4 O-O 26. Bf2 Qb7 27. Rad1 Rxd1 28. Rxd1 Rc8 29. Qe2 h3 30. gxh3 Kg7 31. Qd3 Rd8 32. Qe2 Rxd1+ 33. Qxd1 Qe4 34. Qd2 Bh4 35. Nc3 Qf3 36. Bxh4 Nxh4 37. Qf2 Qxh3 38. Qg3 Nf3+ 39. Kf2 Qxg3+ 40. hxg3 Nd4 41. Ke3 Nf5+ 42. Kf2 g5 43. b4 gxf4 44. gxf4 f6 45. a4 fxe5 46. fxe5 Nd4 47. b5 axb5 48. axb5 Kf7 49. Ke3 Nf5+ 50. Ke4 Ke7 51. Na4 Ng3+ 52. Kd4 Ne2+ 53. Kc5 Kd7 54. Nb6+ Kc7 55. Nc4 Nf4 56. b6+ Kd7 57. Kb5 Nd3 58. Ka6 Nc5+ 59. Ka7 Kc6 60. Ne3 Nb7 61. Ng4 Nc5 62. Nh6 Kd5 63. Nf7 Kc6 64. Nd8+ Kd5 65. Nf7 Kc6 66. Ng5 Kd5 67. Nf3 Ke4 68. Ng5+ Kxe5 69. Nxe6 Kxe6 70. b7 Nxb7 1/2-1/2


[Site "https://www.chess.com"]

[Event "Titled Tuesday Blitz June 1 2021"]
[White "Goltsev, Dmitry"]
[Black "Moskalenko, Alexander"]
[WhiteFideId "24176710"]
[BlackFideId "4155351"]
[WhiteElo "2366"]
[BlackElo "2495"]
[Result "0-1"]
[Round "06"]
[TimeControl "180+1"]
[Date "2021.06.01"]
[WhiteClock "0:00:06"]
[BlackClock "0:01:50"]

1. e4 d6 2. d4 Nf6 3. Nc3 e5 4. dxe5 dxe5 5. Qxd8+ Kxd8 6. Bc4 Ke8 7. Nf3 Bd6 8. Bg5 Nbd7 9. h3 a6 10. a4 h6 11. Be3 b6 12. Nd5 Bb7 13. Nd2 Nxd5 14. Bxd5 Bxd5 15. exd5 f5 16. f3 Kf7 17. O-O-O b5 18. a5 Rad8 19. Nb3 Rhe8 20. Rhf1 g5 21. g4 f4 22. Bg1 Nf6 23. Rfe1 e4 24. fxe4 Rxe4 25. Rxe4 Nxe4 26. Nd4 Re8 27. Nf5 Bf8 28. Re1 Nf6 29. Rxe8 Kxe8 30. Kd2 Nxd5 31. Kd3 Nb4+ 32. Ke4 Nxc2 33. Ke5 Kf7 34. Kd5 Nb4+ 35. Ke4 Nc6 36. Kd5 Nxa5 37. Bc5 c6+ 38. Ke5 Bxc5 39. Nxh6+ Kg6 40. Nf5 Nc4+ 41. Ke6 Bf8 42. h4 gxh4 43. Nxh4+ Kg5 44. Nf5 f3 45. Ng3 Kxg4 46. Ne4 Kf4 47. Nf2 Nxb2 48. Kd7 c5 49. Kc6 c4 50. Kb6 c3 51. Kxa6 c2 52. Kxb5 c1=Q 53. Nd3+ Nxd3 54. Ka4 0-1


[Site "https://www.chess.com"]

[Event "Titled Tuesday Blitz June 1 2021"]
[White "Grigorov, Grigor"]
[Black "Kezin, Roman"]
[WhiteFideId "2907313"]
[BlackFideId "24124621"]
[WhiteElo "2510"]
[BlackElo "2574"]
[Result "1-0"]
[Round "06"]
[TimeControl "180+1"]
[Date "2021.06.01"]
[WhiteClock "0:00:05"]
[BlackClock "0:00:04"]

1. d4 d5 2. c4 e6 3. Nf3 Nf6 4. g3 dxc4 5. Bg2 Nc6 6. O-O Rb8 7. Bg5 Be7 8. e3 b5 9. b3 O-O 10. bxc4 bxc4 11. Nfd2 Na5 12. Qc2 Ba6 13. Rc1 c5 14. dxc5 Qc7 15. Nc3 h6 16. Bxf6 gxf6 17. Qe4 f5 18. Qc2 Qxc5 19. Rab1 Qa3 20. Nf3 Bf6 21. Nd4 Rfc8 22. Ncb5 Qc5 23. Qa4 Bxb5 24. Nxb5 Nb3 25. Rxb3 cxb3 26. Rxc5 b2 27. Rxc8+ Rxc8 28. Na3 Rc3 29. Bf1 Rxa3 30. Qxa3 b1=Q 31. Qxa7 Qb2 32. Qa6 Bc3 33. a4 Be1 34. Qe2 Qa1 35. Qc2 Kg7 36. Kg2 Bc3 37. Bb5 Be1 38. Be8 Qf6 39. Qc7 Kf8 40. Bc6 Qb2 41. Qf4 Kg7 42. Qd4+ Qxd4 43. exd4 Bc3 44. d5 exd5 45. Bxd5 f4 46. gxf4 f6 47. Be6 Kf8 48. Kf3 Ke7 49. f5 Be1 50. Ke3 Kd6 51. h3 Ba5 52. Kf4 Bd2+ 53. Kg4 Ke5 54. Kh5 Kd6 55. Kg6 Ke7 56. h4 1-0


[Site "https://www.chess.com"]

[Event "Titled Tuesday Blitz June 1 2021"]
[White "Hess, Robert"]
[Black "Fedoseev, Vladimir"]
[WhiteFideId "2022036"]
[BlackFideId "24130737"]
[WhiteElo "2557"]
[BlackElo "2756"]
[Result "0-1"]
[Round "06"]
[TimeControl "180+1"]
[Date "2021.06.01"]
[WhiteClock "0:00:01"]
[BlackClock "0:00:20"]

1. e4 c6 2. Nc3 d5 3. d4 dxe4 4. Nxe4 Bf5 5. Ng3 Bg6 6. Nh3 Nf6 7. Nf4 e6 8. h4 Bd6 9. h5 Be4 10. Nxe4 Nxe4 11. Qf3 Qa5+ 12. c3 Nf6 13. h6 Rg8 14. hxg7 Nbd7 15. Nh5 Be7 16. Bc4 O-O-O 17. Bd2 Rde8 18. O-O-O Qd8 19. Nxf6 Bxf6 20. Rxh7 Qe7 21. Rdh1 Bxg7 22. R1h5 Nf6 23. Ra5 Nxh7 24. Rxa7 Kb8 25. Ra5 Qc7 26. Bf4 e5 27. dxe5 Qxa5 28. e6+ Be5 29. exf7 Rgf8 30. Bh6 Rd8 31. Qe4 Nf6 32. Qf5 Nd7 33. Qe6 Qc7 34. Bxf8 Nxf8 35. Qf5 Qd6 36. a4 Qd1# 0-1


[Site "https://www.chess.com"]

[Event "Titled Tuesday Blitz June 1 2021"]
[White "Indjic, Aleksandar"]
[Black "Shahade, Gregory"]
[WhiteFideId "911925"]
[BlackFideId "2009064"]
[WhiteElo "2643"]
[BlackElo "2722"]
[Result "1-0"]
[Round "06"]
[TimeControl "180+1"]
[Date "2021.06.01"]
[WhiteClock "0:00:06"]
[BlackClock "0:00:01"]

1. d4 Nf6 2. Nf3 g6 3. Bg5 Bg7 4. Nbd2 O-O 5. c3 d6 6. e3 c5 7. Bd3 Nc6 8. O-O h6 9. Bxf6 exf6 10. a3 f5 11. b4 b6 12. Nb3 Qe7 13. Nfd2 Bb7 14. Be2 Rfe8 15. Bf3 Rac8 16. Re1 Qc7 17. Rc1 Nb8 18. Bxb7 Qxb7 19. c4 Nd7 20. Qf3 Qxf3 21. Nxf3 Nf6 22. Red1 Ne4 23. Nfd2 Nf6 24. Kf1 h5 25. h3 Rc7 26. Ke2 f4 27. e4 Nxe4 28. Nxe4 Rxe4+ 29. Kf3 f5 30. dxc5 dxc5 31. bxc5 bxc5 32. Rd5 Bf8 33. Nd2 Rd4 34. a4 Rxd5 35. cxd5 Rd7 36. Nc4 Rxd5 37. h4 Rd4 38. Ke2 Be7 39. a5 Bxh4 40. Nd2 Be7 41. Nf3 Ra4 42. Rd1 Rxa5 43. Rd7 Kf7 44. Rc7 Ke6 45. Kd3 Bd6 46. Rg7 Kd5 47. Rxg6 Ra2 48. Nd2 Ra3+ 49. Kc2 Be5 50. Rg5 c4 51. Rxf5 Ra2+ 52. Kc1 Ke6 53. Rxh5 c3 54. Ne4 Re2 55. Nc5+ Kd6 56. Nd3 Bd4 57. Nxf4 Re1+ 58. Kc2 Bxf2 59. Nd3 Re2+ 60. Kxc3 Bb6 61. g4 Rg2 62. Rg5 Kc6 63. Rg6+ Kb5 64. Nf4 Rg3+ 65. Kc2 a5 66. Nd5 Bd4 67. Nc7+ Kc4 68. Rc6+ Kb4 69. Rg6 a4 70. Ne6 Be5 71. Rg5 Bc3 72. Nf4 Bd4 73. Ne2 1-0


[Site "https://www.chess.com"]

[Event "Titled Tuesday Blitz June 1 2021"]
[White "Kamsky, Gata"]
[Black "Goryachkina, Aleksandra"]
[WhiteFideId "2000024"]
[BlackFideId "4147103"]
[WhiteElo "2644"]
[BlackElo "2441"]
[Result "1-0"]
[Round "06"]
[TimeControl "180+1"]
[Date "2021.06.01"]
[WhiteClock "0:00:34"]
[BlackClock "0:00:02"]

1. d4 d5 2. Nf3 Nf6 3. Bf4 Bf5 4. c4 e6 5. Nc3 dxc4 6. e3 Bd6 7. Bg3 O-O 8. Bxc4 Nbd7 9. O-O Qe7 10. Qe2 Bg4 11. h3 Bh5 12. Bh4 c6 13. Rad1 e5 14. Ne4 exd4 15. Nxd6 Qxd6 16. Rxd4 Qe7 17. g4 Bg6 18. b4 Nb6 19. Bb3 a5 20. a3 axb4 21. axb4 Rad8 22. Rfd1 Rxd4 23. Rxd4 Re8 24. Nd2 h6 25. Qf3 Qe5 26. Bxf6 Qxf6 27. Qxf6 gxf6 28. e4 h5 29. f3 hxg4 30. hxg4 Kg7 31. Kg2 Re7 32. f4 Rd7 33. Rxd7 Nxd7 34. f5 Bh7 35. Nf3 Kf8 36. Kg3 Ke7 37. Kf4 b6 38. Ba4 b5 39. Bb3 c5 40. bxc5 Nxc5 41. Nd4 b4 42. Bc4 Kd6 43. Bxf7 Nd3+ 44. Ke3 Ne5 45. Bd5 Nxg4+ 46. Kf4 Ne5 47. Nb5+ Kc5 48. Nc7 Kd6 49. Na6 Nd3+ 50. Ke3 Nc1 51. Nxb4 Kc5 52. Na6+ Kd6 53. Bc4 1-0


[Site "https://www.chess.com"]

[Event "Titled Tuesday Blitz June 1 2021"]
[White "Korchmar, Vasiliy"]
[Black "Kollars, Dmitrij"]
[WhiteFideId "24131750"]
[BlackFideId "12909572"]
[WhiteElo "2370"]
[BlackElo "2576"]
[Result "1-0"]
[Round "06"]
[TimeControl "180+1"]
[Date "2021.06.01"]
[WhiteClock "0:00:05"]
[BlackClock "0:00:02"]

1. d4 Nf6 2. c4 e6 3. g3 c5 4. d5 exd5 5. cxd5 d6 6. Nc3 g6 7. Bg2 Bg7 8. Nf3 O-O 9. O-O Re8 10. Bf4 Bf5 11. Bg5 a6 12. a4 Qb6 13. Nd2 Qxb2 14. Qc1 Qxc1 15. Rfxc1 h6 16. Bf4 Rd8 17. e4 g5 18. Bxd6 Rxd6 19. exf5 Nbd7 20. Nc4 Ne8 21. Rab1 Rb8 22. Nxd6 Nxd6 23. Ne4 Nxe4 24. Bxe4 b5 25. axb5 axb5 26. d6 Rb6 27. Rd1 Bd4 28. Bd3 b4 29. Kg2 Rxd6 30. f4 gxf4 31. gxf4 Nb6 32. Kf3 Kf8 33. h4 Rd8 34. h5 Ra8 35. Kg4 Kg7 36. Be4 Ra3 37. Rxb4 cxb4 38. Rxd4 b3 39. f6+ Kxf6 40. Rd6+ Ke7 41. Rxb6 Ra1 42. Rxb3 Rg1+ 43. Rg3 Re1 44. Bf3 Kf6 45. Rg2 Rc1 46. Rb2 Rg1+ 47. Bg2 Kg7 48. Kg3 Re1 49. Bf3 Rg1+ 50. Kf2 Rc1 51. Rb4 Rc2+ 52. Kg3 Rc1 53. Re4 Rc7 54. Re5 Rd7 55. Rd5 Rc7 56. Bg4 Rc3+ 57. Kh4 Rc1 58. Rd7 Rf1 59. Kg3 Rg1+ 60. Kf3 Rf1+ 61. Ke4 Rg1 62. Kf5 Rb1 63. Bf3 Rb6 64. Bd5 Rb5 65. Rxf7+ Kh8 66. Rd7 Rb6 67. Ke5 Rb4 68. Be4 Rb6 69. Rd6 Rb5+ 70. Bd5 Kg7 71. Rg6+ Kh7 72. Re6 Kg7 73. f5 Rb2 74. Rg6+ Kh7 75. Rd6 Kg7 76. Rd7+ Kf8 77. Rf7+ Ke8 78. Rh7 Rb6 79. Be6 Kf8 80. Kf6 1-0


[Site "https://www.chess.com"]